 Dungeon Crawl Stone Soup version 0.23.2-40-g277498a (webtiles) character file.

Game seed: 6620524271759688621

1486 Fang the Skirmisher (level 8, -2/78 HPs)
             Began as a Gargoyle Berserker on Oct 17, 2019.
             Was an Elder of Trog.
             Killed by divine providence
             ... invoked by an orc priest
              (14 damage)
             ... on level 6 of the Dungeon.
             The game lasted 00:04:53 (5912 turns).

Fang the Skirmisher (Gargoyle Berserker)            Turns: 5912, Time: 00:04:53

Health: -2/78      AC: 18    Str: 28    XL:     8   Next: 80%
Magic:  8/8        EV: 10    Int:  8    God:    Trog [****..]
Gold:   266        SH:  0    Dex:  9    Spells: 7/7 levels left

rFire    + . .     SeeInvis .   a - +0 battleaxe (curse)
rCold    + . .     Gourm    .   (shield currently unavailable)
rNeg     + . .     Faith    .   b - +3 chain mail {rC+}
rPois    ∞         Spirit   .   (no helmet)
rElec    +         Reflect  .   (no cloak)
rCorr    .         Harm     .   (no gloves)
MR       .....                  (no boots)
Stlth    ..........             (no amulet)
HPRegen  0.23/turn              k - ring of protection from fire
MPRegen  0.11/turn              (no ring)

@: berserking, very quick
A: negative energy resistance 1, electricity resistance, unbreathing,
petrification resistance, rot immunity, AC +5
a: Berserk, Trog's Hand, Brothers in Arms, Renounce Religion


You were on level 6 of the Dungeon.
You worshipped Trog.
Trog was greatly pleased with you.
You were hungry.

You visited 1 branch of the dungeon, and saw 6 of its levels.

You collected 266 gold pieces.

Inventory:

Hand Weapons
 a - a cursed +0 battleaxe (weapon)
Armour
 b - a +3 chain mail of cold resistance (worn)
Jewellery
 k - a ring of protection from fire (left hand)
Wands
 n - a wand of disintegration (17)
 s - a wand of polymorph (9)
Scrolls
 d - 4 scrolls of magic mapping {unknown}
 e - 3 scrolls of remove curse {unknown}
 f - 7 scrolls of identify {unknown}
 g - 4 scrolls of enchant armour {unknown}
 i - a scroll of immolation {unknown}
 o - a scroll of teleportation {unknown}
 q - a scroll of random uselessness {unknown}
Potions
 h - a potion of degeneration {unknown}
 j - 2 potions of curing
 l - 2 potions of cancellation {unknown}
 m - a potion of flight {unknown}
 p - 2 potions of might {unknown}
 r - a potion of berserk rage {unknown}
 t - 2 potions of heal wounds {unknown}
 v - a potion of agility {unknown}
Comestibles
 c - 11 rations
 u - a chunk of flesh


   Skills:
 + Level 6.7 Fighting
 + Level 5.5 Axes
 + Level 6.2 Armour
 + Level 4.6 Dodging


You had 7 spell levels left.
You didn't know any spells.
Your spell library was empty.

Dungeon Overview and Level Annotations

Branches:
Dungeon (6/15)
 Temple: D:4-7

Altars:
Ashenzari
Hepliaklqana
Kikubaaqudgha
Nemelex Xobeh
Okawaru
Qazlal
Sif Muna
Trog
Vehumet
Zin
The Shining One

Shops:
D:4 *   D:5 %


Innate Abilities, Weirdness & Mutations

You are resistant to torment.
Your stone body is resilient. (AC +5)
You are immune to poison.
You resist negative energy. (rN+)
You are resistant to electric shocks. (rElec)
You can survive without breathing.
You are immune to petrification.
You are immune to rotting.


Message History

You barely miss the necrophage.
The necrophage is moderately damaged.
You barely miss the orc wizard. You hit the orc.
You kill the orc!
Trog accepts your kill.
You barely miss the orc wizard.
The orc wizard hits you but does no damage. x2
The orc priest hits you from afar with a +0 trident.
* * * LOW HITPOINT WARNING * * *
The orc wizard closely misses you. The necrophage hits you.
* * * LOW HITPOINT WARNING * * *
You feel terrible.
Your chain mail prevents you from hitting the necrophage.
The necrophage is moderately damaged.
You closely miss the orc wizard. You hit the orc wizard.
The orc wizard barely misses you.
The orc wizard hits you but does no damage.
The orc priest invokes the aid of Beogh against you.
Beogh smites you!
You die...

#.# #..### #.####
#.# ##...###....#
#.# ###.÷...##.#
#.# ##.....#.# .
#.# #.....#.# .##
#.# ##......#.^..
#........#
###.)......#
#...)@.....#
#...#.ono.$.....
#.###.o.........
..o...[..........
..o####...........
# .....######.
#.....# #.....#
.......


You could see a necrophage, an orc priest and 2 orc wizards.

Vanquished Creatures
  An ice beast (D:3)
  2 phantoms
  An ogre (D:3)
  A sky beast (D:5)
  A howler monkey (D:4)
  An electric eel (D:6)
  A bullfrog zombie (D:6)
  3 crimson imps (D:5)
  A hound (D:5)
  A centaur skeleton (D:4)
  2 orc priests
  A bullfrog skeleton (D:5)
  10 orc wizards
  8 worker ants
  Ijyb (D:3)
  Robin (D:4)
  4 adders
  A shadow imp (D:5)
  3 oozes
  An adder skeleton (D:5)
  2 worms (D:2)
  4 dart slugs
  2 leopard geckos
  11 orcs
  8 giant cockroaches
  13 goblins
  14 hobgoblins
  10 jackals
  A quokka (D:6)
  A ball python (D:4)
  6 bats
  5 kobolds
  A leopard gecko skeleton (D:4)
  A quokka skeleton (D:6)
  8 rats
132 creatures vanquished.

Notes
Turn   | Place    | Note
-------+----------+-------------------------------------------
     0 | D:1      | Fang the Gargoyle Berserker began the quest for the Orb.
     0 | D:1      | Reached XP level 1. HP: 14/14 MP: 1/1
   140 | D:1      | Reached XP level 2. HP: 11/19 MP: 2/2
   915 | D:2      | Reached XP level 3. HP: 23/23 MP: 3/3
  1347 | D:2      | Found a faded altar of an unknown god.
  1507 | D:2      | Reached XP level 4. HP: 29/29 MP: 4/4
  1705 | D:2      | Reached ** piety under Trog
  1747 | D:2      | Found a radiant altar of Vehumet.
  1752 | D:2      | Found an ancient bone altar of Kikubaaqudgha.
  1753 | D:2      | Found a deep blue altar of Sif Muna.
  2333 | D:3      | Reached XP level 5. HP: 13/33 MP: 5/5
  2623 | D:3      | Noticed an ice beast
  2636 | D:3      | Killed an ice beast
  2636 | D:3      | Reached XP level 6. HP: 17/39 MP: 6/6
  2970 | D:3      | Found an iron altar of Okawaru.
  2970 | D:3      | Found a glowing silver altar of Zin.
  3400 | D:3      | Noticed Ijyb
  3410 | D:3      | Killed Ijyb
  3561 | D:4      | Noticed Robin
  3570 | D:4      | Reached *** piety under Trog
  3573 | D:4      | Killed Robin
  3583 | D:4      | Reached skill level 5 in Fighting
  3709 | D:4      | Found a hazy altar of Hepliaklqana.
  3760 | D:4      | Reached XP level 7. HP: 44/44 MP: 7/7
  4032 | D:4      | Found Ofaes's General Store.
  4088 | D:4      | Reached skill level 5 in Armour
  4179 | D:4      | Reached XP level 8. HP: 13/51 MP: 8/8
  4600 | D:5      | Entered Level 5 of the Dungeon
  4681 | D:5      | Found Plog's Food Emporium.
  4734 | D:5      | Found a shattered altar of Ashenzari.
  4856 | D:5      | Reached **** piety under Trog
  4856 | D:5      | Reached skill level 5 in Axes
  5261 | D:5      | Found a stormy altar of Qazlal.
  5261 | D:5      | Found a sparkling altar of Nemelex Xobeh.
  5261 | D:5      | Found a glowing golden altar of the Shining One.
  5305 | D:5      | Found a bloodstained altar of Trog.
  5912 | D:6      | Killed from afar by an orc priest

Skill      XL: |  1  2  3  4  5  6  7  8 |
---------------+-------------------------+-----
Axes           | 3 4 5 |  5.5
Dodging        | 2 3 4 |  4.6
Armour         | 3 4 5 6 |  6.2
Fighting       | 4 5 6 |  6.7

Action                   |  1- 3 |  4- 6 |  7- 9 || total
-------------------------+-------+-------+-------++-------
Melee: Hand axe          |   111 |   157 |   423 ||   691
       Unarmed           |       |     4 |       ||     4
       Battleaxe         |       |       |    28 ||    28
Invok: Berserk           |     1 |     4 |     3 ||     8
       Trog's Hand       |       |       |     1 ||     1
 Stab: Sleeping          |     1 |       |       ||     1
  Eat: Chunk             |     3 |    11 |     7 ||    21
       Ration            |       |       |     1 ||     1
Armor: Animal skin       |    49 |    42 |       ||    91
       Chain mail        |       |    32 |   314 ||   346
Dodge: Dodged            |   100 |    87 |   193 ||   380
